 Dungeon Crawl Stone Soup version 0.24.0-37-gcf1ca852f1 (webtiles) character file.

Game seed: 9458176197850368109, levelgen mode: deterministic

418 sankara the Shield-Bearer (level 6, 0/51 HPs)
             Began as a Minotaur Fighter on Nov 25, 2019.
             Slain by an orc
             ... wielding a +0 trident
              (4 damage)
             ... on level 4 of the Dungeon.
             The game lasted 00:07:36 (2292 turns).

sankara the Shield-Bearer (Minotaur Fighter)        Turns: 2292, Time: 00:07:36

Health: 0/51       AC:  6    Str: 22    XL:     6   Next: 61%
Magic:  5/5        EV:  8    Int:  5    God:
Gold:   179        SH: 10    Dex: 10    Spells: 5/5 levels left

rFire    . . .     SeeInvis .   a - +0 war axe
rCold    . . .     Gourm    .   c - +0 shield
rNeg     . . .     Faith    .   b - +0 scale mail
rPois    .         Spirit   .   (helmet restricted)
rElec    .         Reflect  .   (no cloak)
rCorr    .         Harm     .   (no gloves)
MR       +....                  (no boots)
Stlth    ..........             (no amulet)
HPRegen  0.17/turn              t - ring of protection from magic (curse)
MPRegen  0.09/turn              (no ring)

@: no status effects
A: retaliatory headbutt, horns 2
a: no special abilities


You were on level 4 of the Dungeon.
You were not hungry.

You visited 1 branch of the dungeon, and saw 4 of its levels.

You collected 179 gold pieces.

Inventory:

Hand Weapons
 a - a +0 war axe (weapon)
 u - a +2 dagger of speed
 v - a +1 dagger of electrocution
Missiles
 e - 40 poisoned darts
 i - 103 stones
 s - 11 boomerangs (quivered)
 w - 4 atropa-tipped darts
Armour
 b - a +0 scale mail (worn)
 c - a +0 shield (worn)
Jewellery
 t - a cursed ring of protection from magic (left hand)
Wands
 y - a wand of flame (22)
Scrolls
 g - 7 scrolls of identify {unknown}
 h - 3 scrolls of enchant armour {unknown}
 m - 2 scrolls of amnesia {unknown}
 n - a scroll of blinking {unknown}
 q - a scroll of remove curse {unknown}
 x - 2 scrolls of teleportation {unknown}
 z - a scroll of magic mapping {unknown}
Potions
 d - 3 potions of might
 j - 2 potions of brilliance {unknown}
 k - a potion of invisibility {unknown}
 l - 2 potions of agility {unknown}
 o - a potion of degeneration {unknown}
 r - 3 potions of lignification {unknown}
Comestibles
 f - 5 rations
 p - 8 chunks of flesh


   Skills:
 - Level 3.6 Fighting
 + Level 5.6 Axes
 + Level 2.9 Throwing
 - Level 3.6 Armour
 + Level 6.3 Shields


You had 5 spell levels left.
You didn't know any spells.
Your spell library was empty.

Dungeon Overview and Level Annotations

Branches:
Dungeon (4/15)
 Temple: D:4-7

Altars:
Hepliaklqana
Nemelex Xobeh
Trog
Vehumet


Innate Abilities, Weirdness & Mutations

You reflexively headbutt those who attack you in melee.
You have a pair of horns on your head.


Message History

You closely miss the orc priest.
The orc priest is moderately wounded.
You slash the orc priest!
The orc priest invokes the aid of Beogh against you.
You resist with some effort.
The orc priest hits you but does no damage.
The orc hits you but does no damage.
You hit the orc priest. You headbutt the orc priest.
You kill the orc priest!
You closely miss the orc priest. The orc priest completely misses you.
The orc barely misses you.
You closely miss the orc priest.
The orc priest is moderately wounded.
The orc priest hits you but does no damage.
You block the orc's attack.
You barely miss the orc priest. Your headbutt misses the orc priest.
The orc priest is moderately wounded.
The orc priest hits you but does no damage.
The orc hits you from afar with a +0 trident.
You die...

#.# #. #.# #
#. #.#### ..
#. #....#
##.#+#. #....#
#...... #..<.#
#......##....#
.....oo).....+
......_@.....#
.....⌠.⌠#.####
.......##.#
......# #.#
.#.#.# #.# #
#. #.# # .#


You could see an orc priest and an orc.

Vanquished Creatures
  Sigmund (D:3)
  A scorpion (D:3)
  2 orc priests
  An orc wizard (D:4)
  A hound skeleton (D:4)
  3 adders (D:3)
  2 oozes
  4 worms
  2 dart slugs
  3 orcs (D:3)
  2 ball pythons
  11 bats
  2 giant cockroaches
  9 goblins
  9 hobgoblins
  3 jackals (D:3)
  A quokka (D:3)
  7 frilled lizards
  6 kobolds
  5 rats
75 creatures vanquished.

Notes
Turn   | Place    | Note
-------+----------+-------------------------------------------
     0 | D:1      | sankara the Minotaur Fighter began the quest for the Orb.
     0 | D:1      | Reached XP level 1. HP: 19/19 MP: 0/0
    98 | D:1      | Reached skill level 4 in Shields
   102 | D:1      | Reached XP level 2. HP: 21/26 MP: 1/1
   643 | D:2      | Reached XP level 3. HP: 28/31 MP: 2/2
   752 | D:2      | You fall into a shaft and drop 1 floor!
  1110 | D:2      | Found a bloodstained altar of Trog.
  1207 | D:2      | Found a radiant altar of Vehumet.
  1343 | D:3      | Reached XP level 4. HP: 39/39 MP: 3/3
  1351 | D:3      | Reached skill level 5 in Shields
  1480 | D:3      | Reached skill level 1 in Throwing
  1809 | D:3      | Found a hazy altar of Hepliaklqana.
  1845 | D:3      | Noticed Sigmund
  1850 | D:3      | Killed Sigmund
  1850 | D:3      | Reached skill level 5 in Axes
  1850 | D:3      | Reached XP level 5. HP: 31/45 MP: 4/4
  1850 | D:3      | Reached XP level 6. HP: 35/51 MP: 5/5
  2121 | D:3      | Reached skill level 6 in Shields
  2270 | D:4      | Found a sparkling altar of Nemelex Xobeh.
  2292 | D:4      | Slain by an orc

Levels and vault maps discovered:
D:1:      roderic_crop_circles_arrival_large, layout_loops_ring
D:2:      layout_loops_ring, lemuel_doored_altar, first_ration, bloody_trog
D:3:      layout_basic, marbit_many_paths, nicolae_overflow_hidden_temple,
          uniq_sigmund
D:4:      layout_basic, nemelex_xobeh_ov_fountains_minmay,
          gammafunk_ghost_necromancy

Skill      XL: |  1  2  3  4  5  6 |
---------------+-------------------+-----
Shields        | 4 5 6 |  6.3
Axes           | 3 4 5 |  5.6
Throwing       | 2 |  2.9
Fighting       | |  3.6
Armour         | |  3.6

Action                   |  1- 3 |  4- 6 || total
-------------------------+-------+-------++-------
Melee: War axe           |   106 |    77 ||   183
       Headbutt          |    11 |     9 ||    20
       Dagger            |       |     4 ||     4
  Use: Potion            |       |     1 ||     1
  Eat: Chunk             |     2 |     3 ||     5
Armor: Scale mail        |    46 |    33 ||    79
Dodge: Dodged            |    38 |    17 ||    55
Block: Shield            |    63 |    43 ||   106
